 Dungeon Crawl Stone Soup version 0.30.1-9-gdf580d7c3d (webtiles) character file.

Game seed: 514672301152524467

60 lonewolfV2 the Trooper (level 3, -4/29 HPs)
             Began as a Demonspawn Fighter on Oct 25, 2023.
             Killed from afar by Sigmund (6 damage)
             ... with a magic dart
             ... on level 2 of the Dungeon.
             The game lasted 00:04:55 (1411 turns).

lonewolfV2 the Trooper (Demonspawn Fighter)         Turns: 1411, Time: 00:04:56

Health: -4/29      AC:  7    Str: 24    XL:     3   Next: 80%
Magic:  3/3        EV: 10    Int:  9    God:
Gold:   113        SH:  4    Dex: 12    Spells: 2/2 levels left

rFire   . . .        a - +0 war axe
rCold   . . .        c - +0 buckler
rNeg    . . .        b - +0 scale mail
rPois   .            (no helmet)
rElec   .            (no cloak)
rCorr   .            (no gloves)
SInv    .            f - +0 pair of boots
Will    .....        (no amulet) Stlth
                     e - +6 ring of strength
HPRegen 0.24/turn    (no ring)
MPRegen 0.08/turn

%: no passive effects
@: mighty, attractive
A: demonic guardian 1, weakness stinger 1
a: no special abilities


You were on level 2 of the Dungeon.
You visited 1 branch of the dungeon, and saw 2 of its levels.

You collected 113 gold pieces.

Inventory:

Hand Weapons
 a - a +0 war axe (weapon)
Armour
 b - a +0 scale mail (worn)
 c - a +0 buckler (worn)
 f - a +0 pair of boots (worn)
Jewellery
 e - a +6 ring of strength (left hand)
 m - a ring of ice
Scrolls
 h - a scroll of fear {unknown}
 j - a scroll of identify {unknown}
Potions
 l - a potion of haste {unknown}


   Skills:
 + Level 3.4 Fighting
 - Level 1.7 Axes
 + Level 3.1 Armour
 * Level 1.8 Dodging
 + Level 3.1 Shields


You had 2 spell levels left.
You didn't know any spells.
Your spell library was empty.

Dungeon Overview and Level Annotations

Branches:
Dungeon (2/15)

Altars:

Annotations:
D:2 Sigmund


Innate Abilities, Weirdness & Mutations

A weak demonic guardian rushes to your aid.
You have a small tail.


Message History

Found 15 gold pieces.
Sigmund closely misses you.
You barely miss Sigmund. Sigmund gestures at you while chanting.
You are confused.
Sigmund barely misses you.
You bump into the rock wall.
Sigmund attacks as you move away! Sigmund hits you with a +0 scythe!
Sigmund gestures wildly while chanting.
Sigmund flickers and vanishes!
Deactivating autopickup; reactivate with Ctrl-A.
You're too confused to move!
Something hits you but does no damage.
Sorry, you're not good enough to have a special ability.
Unknown command.
You feel very mighty all of a sudden. Something hits you but does no damage.
You bump into the rock wall.
Something hits you!
You feel less confused.
You slash something! Something hits you.
* * * LOW HITPOINT WARNING * * *
You closely miss something. Something hits you.
* * * LOW HITPOINT WARNING * * *
A demonic guardian appears!
You barely miss something.
Your tail-slap misses something.
Something hits you but does no damage. Something hits you.
* * * LOW HITPOINT WARNING * * *
It was a potion of curing.
You feel better. Something hits you.
* * * LOW HITPOINT WARNING * * *
You feel better.
You swap places.
Something hits you.
* * * LOW HITPOINT WARNING * * *
You barely miss something.
Your tail-slap misses something.
Something hits you!
* * * LOW HITPOINT WARNING * * *
It was a potion of attraction.
You feel attractive to monsters.
It was a potion of magic.
Magic courses through your body.
You hear some strange, mumbled words.
A magic dart appears from out of thin air!
The magic dart hits you.
You die...

######## #####
#.....$## ##...#
#.......## ######.....
#.........##..........
#....{.# .........<..
#@## #.......... #5.#
#.......... ##.#
#.......... #?#
####....... #.###
#....... #(..####
#.#.....
###....###.##....
####..##.###...
##..........


You could see a friendly quasit (summoned).

Vanquished Creatures
  2 adders (D:2)
  A worm (D:2)
  2 endoplasms
  2 giant cockroaches
  A goblin (D:1)
  5 hobgoblins
  2 jackals (D:1)
  4 kobolds (D:1)
  2 quokkas (D:1)
  3 ball pythons (D:2)
  10 bats
  A frilled lizard (D:2)
  3 rats (D:1)
38 creatures vanquished.

Notes
Turn   | Place    | Note
-------+----------+-------------------------------------------
     0 | D:1      | lonewolfV2 the Demonspawn Fighter began the quest for the
                  | Orb.
     0 | D:1      | Reached XP level 1. HP: 18/18 MP: 1/1
   251 | D:1      | Gained mutation: You have a small tail. [demonic ancestry]
   251 | D:1      | Reached XP level 2. HP: 24/24 MP: 2/2
   392 | D:1      | Reached skill level 1 in Dodging
  1100 | D:2      | Gained mutation: A weak demonic guardian rushes to your
                  | aid. [demonic ancestry]
  1100 | D:2      | Reached XP level 3. HP: 29/29 MP: 3/3
  1388 | D:2      | Noticed Sigmund
  1405 | D:2      | HP: 1/29 [something (3)]
  1411 | D:2      | Killed from afar by Sigmund

Illustrated notes

Levels and vault maps discovered:
D:1:      heliophobic_arrival_glass_houses, layout_loops_corners,
          amcnicky_mini_pool_small, chequers_arboretum
D:2:      layout_rooms, basic_altar, uniq_sigmund

Skill      XL: |  1  2 |
---------------+-------+-----
Dodging        | 1 |  1.8
Armour         | 3 |  3.1
Shields        | 3 |  3.1
Fighting       | |  3.4
Axes           | |  1.7

Action                     || total
---------------------------++-------
  Melee: War axe           ||   112
         Tailslap          ||     8
    Use: Potion            ||     5
 Armour: Scale mail        ||    60
  Dodge: Dodged            ||    97
  Block: Buckler           ||    22
